 Dungeon Crawl Stone Soup version 0.16.1-16-gc44b35d (webtiles) character file.

220640 Zwobot the Nimble (level 17, -2/140 HPs)
             Began as a Demigod Fire Elementalist on Apr 14, 2015.
             Slain by a ghost moth (14 damage)
             ... on level 3 of the Spider Nest on Apr 15, 2015.
             The game lasted 06:54:19 (61825 turns).

Zwobot the Nimble (Demigod Fire Elementalist)      Turns: 61825, Time: 06:54:19

Health: -2/140     AC: 11    Str: 11      XL:     17   Next: 85%
Magic:  1/34       EV: 22    Int: 30 (31) God:
Gold:   1699       SH:  0    Dex: 16      Spells: 8 memorised, 9 levels left

rFire  + . .     SeeInvis .     m - +4 lajatang (vamp)
rCold  . . .     Clarity  .     a - +2 ring mail {MR+}
rNeg   . . .     SustAb   +     (no shield)
rPois  +         Gourm    .     w - +0 helmet
rElec  .         Spirit   .     T - +1 cloak {rPois}
rCorr  .         Warding  .     x - +0 pair of gloves
rMut   .         Stasis   .     (no boots)
MR     ++...                    D - amulet of regeneration
Stlth  ++........               i - +3 ring of evasion
                                L - ring of fire

@: lethally poisoned (-2 -> -30), very slightly contaminated, hasted and slowed,
invisible, very resistant to hostile enchantments, unstealthy
A: clever 1, cold resistance 1, deformed body, sustain abilities
a: no special abilities
}: 1/15 runes: barnacled


You were on level 3 of the Spider Nest.
You were not hungry.

You visited 6 branches of the dungeon, and saw 36 of its levels.
You also visited: Bailey and Ice Cave.

You collected 3201 gold pieces.
You spent 1502 gold pieces at shops.

Inventory:

Hand weapons
 m - a +4 vampiric lajatang (weapon)
 J - the +7 morningstar of Salt {crush, rPois rN+ Int+2}
   (You found it on level 11 of the Dungeon)

   It inflicts extra damage upon your enemies.
   It affects your intelligence (+2).
   It protects you from poison.
   It protects you from negative energy.
Missiles
 k - 6 throwing nets (quivered)
Armour
 a - a +2 ring mail of magic resistance (worn)
 s - a +1 cloak
 t - the +3 leather armour of Amorality {rElec Str+4}
   (You found it on level 6 of the Dungeon)

   It affects your strength (+4).
   It insulates you from electricity.
 w - a +0 helmet (worn)
 x - a +0 pair of gloves (worn)
 Q - a +4 plate armour
 S - the +4 skin of Zhor {rC+++}
   (You found it on level 3 of the Spider Nest)

   It renders you almost immune to cold.
 T - a +1 cloak of poison resistance (worn)
Jewellery
 d - an uncursed ring of see invisible
 h - an uncursed ring of wizardry
 i - a +3 ring of evasion (right hand)
 u - an uncursed ring of teleportation
 v - an uncursed amulet of stasis
 D - an amulet of regeneration (around neck)
 K - an uncursed ring of protection from magic
 L - a ring of fire (left hand)
 O - an uncursed ring of protection from cold
 P - an uncursed ring of fire
Magical devices
 b - a wand of disintegration (12)
 j - a wand of paralysis (16)
 n - a wand of paralysis (3)
 o - a wand of hasting (5)
 p - a wand of digging (11)
 r - a wand of lightning (0)
 H - a wand of fireball (0)
 N - a wand of cold (0)
Scrolls
 c - 5 scrolls of teleportation
 y - 6 scrolls of remove curse
 C - a scroll of silence {unknown}
 E - 3 scrolls of recharging
 M - 3 scrolls of enchant armour
 U - 2 scrolls of summoning {unknown}
 X - 3 scrolls of fear
 Y - 2 scrolls of magic mapping
Potions
 e - a potion of haste
 f - 2 potions of curing
 g - a potion of resistance
 l - a potion of agility
 q - 5 potions of restore abilities
 A - 5 potions of brilliance
 B - 2 potions of might
 I - a potion of magic
Miscellaneous
 z - 2 phantom mirrors
Comestibles
 F - a beef jerky
 R - 8 meat rations
 V - 3 poisonous chunks of flesh
 W - 2 chunks of flesh


   Skills:
 - Level 10.1 Fighting
 - Level 6.2(10.3) Maces & Flails
 * Level 12.6(13.1) Staves
 + Level 9.2 Armour
 + Level 14.4 Dodging
 - Level 5.3 Stealth
 - Level 7.5 Spellcasting
 - Level 12.0 Conjurations
 - Level 4.4 Charms
 - Level 1.8 Translocations
 - Level 12.0 Fire Magic
 - Level 4.4 Air Magic
 - Level 5.0 Evocations


You had 9 spell levels left.
You knew the following spells:

 Your Spells              Type           Power        Failure   Level  Hunger
a - Flame Tongue          Conj/Fire      #####        1%          1    None
b - Throw Flame           Conj/Fire      ######       1%          2    None
c - Conjure Flame         Conj/Fire      #######.     1%          3    None
d - Sticky Flame          Conj/Fire      #######.     1%          4    ##.....
e - Fireball              Conj/Fire      #######...   1%          5    ####...
g - Mephitic Cloud        Conj/Pois/Air  #####...     3%          3    None
h - Apportation           Tloc           ###.......   6%          1    None
i - Flight                Chrm/Air       #####.....   6%          3    None


Dungeon Overview and Level Annotations

Branches:
Dungeon (15/15)            Temple (1/1) D:5            Lair (8/8) D:9
 Shoals (5/5) Lair:5       Spider (3/5) Lair:6        Slime (0/6) Lair:8
    Orc (4/4) D:11            Elf (0/3) Orc:4        Vaults (0/5) D:14
 Depths (0/5) D:15

Shops:
D:6 *   D:13 (   D:15 ?   Orc:4 *?(

Annotations:
Lair:4 1 exclusion
Shoals:3 exclusion: Roxanne, Roxanne


Innate Abilities, Weirdness & Mutations

Your attributes are resistant to harm.
Your mind is acute. (Int +2)
Your flesh is cold resistant.
Armour fits poorly on your strangely shaped body.


Message History

Unknown command.
Unknown command.
Unknown command.
Unknown command.
Unknown command.
Unknown command.
Unknown command.
Unknown command.
Unknown command.
Drink which item? (? for menu, Esc to quit)
You feel yourself speed up.
You feel sick. Something hits you but does no damage.
Something barely misses you.
Something stings you but does no damage.
Something hits you but does no damage. x2
Something barely misses you. x3
Something stings you.
* * * LOW HITPOINT WARNING * * *
You are lethally poisoned!
Something poisons you! Something hits you!
You die...

# ###
##..##†##..... #
##.x##.≈........ #
#.{##..........
###..###...#...)..
#......##.......^.
#
#.##††##≈#≈........
## # #..#
##.....s... )#
###..###x.......#.
##
........@{......s.
..............w#.
#.........#.....
...>......#...##
...............
......#......
..........s
.......## . #


You could see a torpor snail (fleeing), a tarantella (fleeing), a redback
(wandering) and a spider (fleeing).

Vanquished Creatures
  Ilsuiw (Shoals:5)
  2 orc warlords
  4 emperor scorpions (Spider:3)
  Jorgrun (Shoals:2)
  6 merfolk javelineers
  Snorg (Shoals:2)
  A fire dragon (Lair:8)
  7 merfolk impalers
  2 vault guards (D:14)
  A yaktaur captain (D:15)
  The ghost of EmilioHeskey the Cleaver, a powerful HOFi of Beogh (IceCv)
  Fannar (Lair:7)
  2 ogre magi
  13 hydras
  11 merfolk aquamancers
  Erica (Lair:8)
  A catoblepas (Lair:6)
  5 satyrs (Shoals:5)
  The ghost of BobbyTwoHands the Basher, a powerful OpEE of Gozag (D:11)
  A tengu warrior (D:15)
  6 centaur warriors
  7 death yaks
  2 alligators (D:15)
  4 merfolk avatars
  7 orc high priests
  7 skeletal warriors (D:14)
  An ice devil (IceCv)
  6 hill giants
  10 sea snakes
  4 unseen horrors
  An ice statue (IceCv)
  4 wizards (D:14)
  6 orc sorcerers
  2 necromancers
  2 wolf spider zombies (D:15)
  14 harpies
  16 wolf spiders
  6 orc knights
  16 manticores
  16 griffons
  7 cyclopes
  10 water nymphs
  7 orb spiders
  11 fauns
  2 moths of wrath (Spider:2)
  An ugly thing (D:11)
  A hornet (Spider:2)
  A guardian serpent (Lair:8)
  11 black mambas
  6 centaur zombies
  Maurice (Orc:4)
  11 elephants
  Joseph (D:11)
  5 sirens
  2 torpor snails (Lair:5)
  A gargoyle (D:15)
  15 spiny frogs
  A yaktaur (D:15)
  4 fire drakes
  3 efreet
  2 kobold demonologists (D:13)
  6 komodo dragons
  15 demonic crawlers
  A queen bee (Lair:7)
  4 trolls
  3 wind drakes
  5 blue devils
  3 polar bears
  2 freezing wraiths
  38 merfolk
  5 two-headed ogres
  10 jumping spiders
  4 red devils (D:14)
  9 slime creatures
  Prince Ribbit (D:5)
  10 blink frogs
  2 ravens (D:15)
  6 trapdoor spider zombies
  10 snapping turtles
  5 boulder beetles
  A jumping spider zombie (Spider:3)
  A basilisk (shapeshifter) (D:14)
  6 trapdoor spiders
  36 yaks
  20 redbacks
  The ghost of gabygaby the Firebug, an average GrFE (D:4)
  6 basilisks
  4 deep elf magi
  16 water elementals
  2 fire bats
  A shadow (D:12)
  4 wyverns
  3 wraiths
  9 tarantellas
  3 steam dragons (Lair:8)
  A fire elemental (Lair:8)
  8 wargs
  19 hippogriffs
  7 vampire mosquitoes
  19 humans
  5 soldier ants (Spider:3)
  2 hungry ghosts
  Menkaure (D:5)
  17 wolves
  A deep elf fighter (D:14)
  3 swamp drakes (Lair:8)
  A mottled dragon (Lair:8)
  23 water moccasins
  57 orc warriors
  27 ogres
  4 ice beasts
  A black bear (D:11)
  A sky beast (D:10)
  An eye of draining (D:13)
  3 phantoms
  28 spiders
  29 centaurs
  16 porcupines
  A necrophage (D:11)
  4 wasps
  A boring beetle (Lair:8)
  A torpor snail zombie (Spider:3)
  14 crocodiles
  3 brain worms (Spider:3)
  23 giant frogs
  2 big kobolds
  14 scorpions
  35 killer bees
  14 wights
  2 electric eels
  3 vampire bats (D:15)
  9 crimson imps
  A draconian simulacrum (IceCv)
  13 goliath beetles
  13 hounds
  7 jellies
  2 quasits
  3 giant frog skeletons
  A gnoll shaman (D:9)
  27 orc priests
  2 centaur skeletons
  Natasha (twice) (D:6)
  24 orc wizards
  A troll simulacrum (IceCv)
  16 iguanas
  10 hell rats
  19 worker ants
  16 sheep
  3 spriggan simulacra (IceCv)
  2 centaur simulacra (IceCv)
  A hound skeleton (D:6)
  A hound zombie (D:11)
  3 naga simulacra (IceCv)
  2 worker ant zombies
  10 gnolls
  41 adders
  46 river rats
  4 shadow imps
  12 white imps (Lair:3)
  4 giant mites (Spider:3)
  4 worms
  An adder skeleton (D:4)
  3 orc zombies (Orc:4)
  10 giant geckos
  14 oozes
  292 orcs
  10 giant cockroaches
  49 goblins
  34 hobgoblins
  14 jackals
  25 kobolds
  19 quokkas
  4 ball pythons (D:3)
  17 bats
  10 giant newts
  2 giant spores
  A jackal zombie (D:9)
  40 rats
  12 ballistomycetes
  A bush (Lair:8)
  5 crawling corpses (Spider:3)
  9 fungi
  6 plants
  2 tentacles (Shoals:3)
1825 creatures vanquished.

Vanquished Creatures (others)
  An unseen horror (D:13)
  5 drowned souls (Shoals:3)
  A basilisk (Lair:8)
  An orc (Orc:4)
  29 fungi
  15 plants
  23 tentacles
  839 tentacle segments
914 creatures vanquished.

Grand Total: 2739 creatures vanquished

Notes
Turn   | Place    | Note
--------------------------------------------------------------
     0 | D:1      | Zwobot, the Demigod Fire Elementalist, began the quest for the Orb.
     0 | D:1      | Reached XP level 1. HP: 14/14 MP: 3/3
    22 | D:1      | Reached skill level 1 in Conjurations
   168 | D:1      | Reached skill level 3 in Fire Magic
   331 | D:1      | Reached XP level 2. HP: 20/20 MP: 2/4
   493 | D:1      | Learned a level 2 spell: Throw Flame
  1195 | D:2      | Reached XP level 3. HP: 22/26 MP: 3/7
  1521 | D:2      | Found a radiant altar of Vehumet.
  1563 | D:2      | Found a shadowy altar of Dithmenos.
  1867 | D:2      | Reached XP level 4. HP: 33/33 MP: 0/9
  2096 | D:3      | Learned a level 3 spell: Conjure Flame
  2741 | D:3      | Found a white marble altar of Elyvilon.
  2813 | D:3      | Reached XP level 5. HP: 27/38 MP: 2/12
  3368 | D:4      | Noticed gabygaby's ghost (average GrFE)
  3383 | D:4      | Killed gabygaby's ghost
  3383 | D:4      | Reached skill level 4 in Conjurations
  3383 | D:4      | Reached XP level 6. HP: 17/45 MP: 5/15
  3923 | D:4      | Found a glowing golden altar of the Shining One.
  4144 | D:4      | Learned a level 4 spell: Sticky Flame
  4476 | D:4      | Reached skill level 5 in Conjurations
  4947 | D:5      | Entered Level 5 of the Dungeon
  4963 | D:5      | Reached skill level 5 in Fire Magic
  4963 | D:5      | Reached XP level 7. HP: 50/50 MP: 18/18
  5188 | D:5      | Noticed Prince Ribbit
  5201 | D:5      | Killed Prince Ribbit
  5201 | D:5      | Reached skill level 1 in Fighting
  5289 | D:5      | Noticed Menkaure
  5295 | D:5      | Killed Menkaure
  5661 | D:5      | Found a staircase to the Ecumenical Temple.
  5678 | Temple   | Entered the Ecumenical Temple
  5970 | D:6      | Reached XP level 8. HP: 47/61 MP: 16/20
  6441 | D:6      | Found Strudassa's Assorted Antiques.
  6506 | D:6      | Found an iron altar of Okawaru.
  6519 | D:6      | Got an ancient falchion
  6650 | D:6      | Noticed Natasha
  6654 | D:6      | Killed Natasha
  6704 | D:6      | Got a scorched leather armour
  7043 | D:6      | Identified the +3 leather armour of Amorality {rElec Str+4} (You found it on level 6 of the Dungeon)
  7043 | D:6      | Identified the -3 falchion "Giant's Nightmare" {freeze, +Inv rF+} (You found it on level 6 of the Dungeon)
  7061 | D:6      | Noticed Natasha
  7062 | D:6      | Killed Natasha
  7121 | D:6      | Bought a murky puce potion for 25 gold pieces
  7121 | D:6      | Bought a scroll of identify for 56 gold pieces
  7121 | D:6      | Bought a scroll of identify for 56 gold pieces
  7121 | D:6      | Bought a helmet for 126 gold pieces
  7121 | D:6      | Bought a scroll labeled ANOLLI SOAQAST for 28 gold pieces
  7343 | D:7      | Noticed a troll
  7372 | D:7      | Killed a troll
  7372 | D:7      | Reached skill level 6 in Conjurations
  7972 | D:7      | Found a blossoming altar of Fedhas.
  7981 | D:7      | Found a stormy altar of Qazlal.
  8091 | D:7      | Reached XP level 9. HP: 70/70 MP: 21/21
  8475 | D:8      | Learned a level 5 spell: Fireball
  9667 | D:9      | Reached skill level 5 in Stealth
  9672 | D:9      | Reached skill level 7 in Conjurations
  9682 | D:9      | Found a flagged portal.
  9693 | Bailey   | Entered a bailey
 10050 | Bailey   | Noticed an orc knight
 10059 | Bailey   | Killed an orc knight
 10059 | Bailey   | Reached skill level 5 in Dodging
 10319 | Bailey   | Reached XP level 10. HP: 80/80 MP: 24/24
 10604 | Bailey   | Noticed an orc warlord
 10613 | Bailey   | Killed an orc warlord
 10613 | Bailey   | Reached skill level 5 in Fighting
 10613 | Bailey   | Reached skill level 8 in Conjurations
 10758 | Bailey   | Gained mutation: Your mind is acute. (Int +2) [potion of beneficial mutation]
 10759 | Bailey   | Gained mutation: Your flesh is cold resistant. [potion of beneficial mutation]
 10893 | D:9      | Found a staircase to the Lair.
 11066 | D:9      | Identified a scroll of acquirement
 11107 | D:9      | Got a heavily runed chain mail
 11118 | D:9      | Identified the cursed -3 chain mail of the Pure Lives {rN+ Slay+3 SInv} (You found it on level 9 of the Dungeon)
 11206 | D:10     | Entered Level 10 of the Dungeon
 11348 | D:10     | Noticed a hill giant
 11365 | D:10     | Killed a hill giant
 11365 | D:10     | Reached skill level 1 in Staves
 11365 | D:10     | Reached skill level 1 in Evocations
 11831 | D:10     | Found a roughly hewn altar of Beogh.
 12226 | D:11     | Noticed a cyclops
 12432 | D:11     | Reached skill level 5 in Spellcasting
 12622 | D:11     | Got a smoking robe
 12749 | D:11     | Killed a cyclops
 12749 | D:11     | Reached XP level 11. HP: 66/89 MP: 26/26
 12928 | D:11     | Noticed BobbyTwoHands' ghost (powerful OpEE)
 12940 | D:11     | Killed BobbyTwoHands' ghost
 13122 | D:11     | Noticed Joseph
 13127 | D:11     | Killed Joseph
 13390 | D:11     | Got a crystal rapier
 13393 | D:11     | Got a translucent morningstar
 13555 | D:11     | Found a staircase to the Orcish Mines.
 13555 | D:11     | Noticed a green ugly thing
 13565 | D:11     | Killed a green ugly thing
 14570 | Lair:1   | Entered Level 1 of the Lair of Beasts
 14596 | Lair:1   | Noticed a six-headed hydra
 14624 | Lair:1   | Killed a six-headed hydra
 15804 | Lair:1   | Identified the +7 morningstar of Salt {crush, rPois rN+ Int+2} (You found it on level 11 of the Dungeon)
 16717 | Lair:2   | Reached skill level 5 in Evocations
 16819 | Lair:2   | Identified the +8 rapier "Zyutiub" {venom, Str+2 Int+3 Dex-2} (You found it on level 11 of the Dungeon)
 16830 | Lair:2   | Identified the cursed -3 robe "Eroa" {Int+6} (You found it on level 11 of the Dungeon)
 17408 | Lair:3   | Found a frozen archway.
 17473 | IceCv    | Entered an ice cave
 17803 | IceCv    | Noticed an ice devil
 18091 | IceCv    | Noticed EmilioHeskey's ghost (powerful HOFi)
 18250 | IceCv    | Killed EmilioHeskey's ghost
 18563 | IceCv    | Killed an ice devil
 18563 | IceCv    | Reached XP level 12. HP: 47/100 MP: 29/29
 19370 | Lair:3   | Got a transparent brass ring
 19527 | Lair:3   | Identified the ring of Amelioration {rF- MR++ Str+5 Stlth-} (You found it on level 3 of the Lair of Beasts)
 19905 | Lair:4   | Reached skill level 9 in Conjurations
 20351 | Lair:4   | Noticed a five-headed hydra
 20409 | Lair:4   | Killed a five-headed hydra
 21203 | Lair:4   | Noticed a seven-headed hydra
 21207 | Lair:4   | Killed a seven-headed hydra
 22533 | Lair:5   | Found a staircase to the Shoals.
 22765 | Lair:5   | Noticed a four-headed hydra
 22773 | Lair:5   | Killed a four-headed hydra
 23109 | Lair:5   | Reached XP level 13. HP: 108/108 MP: 24/31
 23672 | Lair:5   | Upgraded the game from 0.16.1-14-g82efdee to 0.16.1-16-gc44b35d
 23681 | Lair:5   | Reached skill level 10 in Conjurations
 23983 | Lair:6   | Found a hole to the Spider Nest.
 24420 | Lair:6   | Reached skill level 10 in Fire Magic
 25065 | Lair:7   | Noticed Fannar
 25070 | Lair:7   | Killed Fannar
 26191 | Lair:7   | Got a pitted lapis lazuli ring
 26193 | Lair:7   | Identified the ring "Shiukuga" {+/*Tele Contam rN+ Str+2} (You found it on level 7 of the Lair of Beasts)
 26210 | Lair:7   | Gained mutation: Armour fits poorly on your strangely shaped body. [mutagenic glow]
 26712 | Lair:8   | Entered Level 8 of the Lair of Beasts
 26716 | Lair:8   | Reached skill level 10 in Dodging
 27875 | Lair:7   | Reached skill level 10 in Fighting
 27878 | Lair:7   | Reached skill level 11 in Conjurations
 28070 | Lair:8   | Reached XP level 14. HP: 121/121 MP: 31/31
 29240 | Lair:8   | Noticed Erica
 30671 | Lair:8   | Learned a level 5 spell: Venom Bolt
 31230 | Lair:8   | Killed Erica
 31289 | Lair:8   | Found a staircase to the Slime Pits.
 31755 | Lair:1   | Learned a level 3 spell: Mephitic Cloud
 31757 | Lair:1   | Learned a level 1 spell: Apportation
 31761 | Lair:1   | Learned a level 3 spell: Flight
 31866 | Orc:1    | Entered Level 1 of the Orcish Mines
 32601 | Orc:3    | Reached skill level 1 in Charms
 32913 | Orc:3    | Found a roughly hewn altar of Beogh.
 33120 | Orc:3    | Reached skill level 5 in Staves
 33174 | Orc:3    | Found a roughly hewn altar of Beogh.
 33182 | Orc:3    | Reached skill level 1 in Air Magic
 33309 | Orc:3    | You fall through a shaft!
 33309 | Orc:4    | Entered Level 4 of the Orcish Mines
 33315 | Orc:4    | Found a roughly hewn altar of Beogh.
 33315 | Orc:4    | Noticed an orc warlord
 33598 | Orc:4    | Reached skill level 1 in Translocations
 35405 | Orc:4    | Paralysed by an orc sorcerer for 5 turns
 35453 | Orc:4    | Killed an orc warlord
 35928 | Orc:4    | Found Aseo's Distillery.
 36408 | Orc:4    | Found Kayhuis' Antique Weapon Emporium.
 36507 | Orc:4    | Paralysed by an orc sorcerer for 2 turns
 36518 | Orc:4    | Paralysed by an orc sorcerer for 2 turns
 36624 | Orc:4    | Found a staircase to the Elven Halls.
 37126 | Orc:4    | Found a roughly hewn altar of Beogh.
 37422 | Orc:4    | Found Klotieled's Assorted Antiques.
 37427 | Orc:4    | Bought a runed ivory wand for 84 gold pieces
 37427 | Orc:4    | Bought a wand of random effects for 21 gold pieces
 37617 | Orc:4    | Found Stefux's Magic Scroll Shoppe.
 37624 | Orc:4    | Reached XP level 15. HP: 109/126 MP: 30/32
 37626 | Orc:4    | Reached skill level 12 in Conjurations
 37821 | Orc:4    | Noticed Maurice
 37824 | Orc:4    | Killed Maurice
 37856 | Orc:4    | Bought a scroll of teleportation for 45 gold pieces
 37856 | Orc:4    | Bought a scroll of blinking for 112 gold pieces
 37967 | Orc:4    | Bought an ancient rapier for 225 gold pieces
 37967 | Orc:4    | Bought a glowing rapier for 100 gold pieces
 37967 | Orc:4    | Identified the cursed +2 rapier of the Vase {flame, rPois Str-2 Int+4 Dex+6} (You bought it in a shop on level 4 of the Orcish Mines)
 40028 | D:13     | Found a glowing silver altar of Zin.
 40032 | D:13     | Found a shadowy altar of Dithmenos.
 40393 | D:13     | Got a faintly humming buckler
 40399 | D:13     | Identified the cursed -2 buckler "Bluom" {rPois rF- rCorr Str+2} (You took it off a deep elf mage on level 13 of the Dungeon)
 40607 | D:13     | Found Khamuisirgh's Antique Weapon Emporium.
 40781 | D:14     | Reached skill level 1 in Maces & Flails
 40782 | D:14     | Reached skill level 1 in Armour
 42191 | D:14     | Found a gate to the Vaults.
 42526 | D:15     | Entered Level 15 of the Dungeon
 42617 | D:15     | Reached skill level 5 in Maces & Flails
 43827 | D:15     | Found a staircase to the Depths.
 44037 | D:15     | Found Raqu's Magic Scroll Emporium.
 44043 | D:15     | Bought a scroll of acquirement for 624 gold pieces
 44488 | D:15     | Reached XP level 16. HP: 121/134 MP: 33/33
 45317 | Shoals:1 | Entered Level 1 of the Shoals
 45557 | Shoals:1 | Reached skill level 5 in Armour
 46716 | Shoals:2 | Noticed Snorg
 46725 | Shoals:2 | Killed Snorg
 47217 | Shoals:2 | Noticed Jorgrun
 47225 | Shoals:2 | Killed Jorgrun
 47890 | Shoals:2 | Reached skill level 13 in Dodging
 48257 | Shoals:3 | Noticed Roxanne
 50430 | Shoals:5 | Entered Level 5 of the Shoals
 50638 | Shoals:5 | Noticed Ilsuiw
 50652 | Shoals:5 | Killed Ilsuiw
 50937 | Shoals:5 | Reached skill level 10 in Staves
 51786 | Shoals:5 | Reached XP level 17. HP: 83/140 MP: 23/34
 54248 | Shoals:5 | Got a barnacled rune of Zot
 55534 | Lair:3   | Reached skill level 14 in Dodging
 55618 | Spider:1 | Entered Level 1 of the Spider Nest
 57556 | Spider:2 | Got a faintly humming ring mail
 57580 | Spider:1 | Identified the cursed -4 ring mail of the Pit {Contam Str+2 Stlth+} (You found it on level 2 of the Spider Nest)
 61825 | Spider:3 | Slain by a ghost moth

Action                   |  1- 3 |  4- 6 |  7- 9 | 10-12 | 13-15 | 16-18 || total
-------------------------+-------+-------+-------+-------+-------+-------++-------
Melee: Dagger            |    52 |       |       |       |       |       ||    52
       Short sword       |    31 |   183 |     9 |       |       |       ||   223
       Quarterstaff      |       |       |   402 |   305 |   895 |       ||  1602
       Staff             |       |       |       |    12 |       |       ||    12
       Morningstar       |       |       |       |   112 |   458 |   289 ||   859
       Lajatang          |       |       |       |       |    71 |   789 ||   860
 Fire: Hunting sling     |       |    28 |     1 |       |       |       ||    29
Throw: Stone             |     4 |       |       |       |       |       ||     4
       Throwing net      |       |       |       |       |     1 |     1 ||     2
 Cast: Flame Tongue      |    53 |    81 |   119 |    94 |    84 |     5 ||   436
       Throw Flame       |     4 |    20 |    54 |    34 |    33 |    17 ||   162
       Conjure Flame     |       |     7 |    20 |    39 |    23 |    18 ||   107
       Sticky Flame      |       |       |    29 |    86 |   170 |   145 ||   430
       Fireball          |       |       |    18 |    89 |   339 |   253 ||   699
       Venom Bolt        |       |       |       |       |     8 |       ||     8
       Mephitic Cloud    |       |       |       |       |     5 |     3 ||     8
       Flight            |       |       |       |       |     2 |    41 ||    43
       Apportation       |       |       |       |       |       |     4 ||     4
Evoke: Wand              |       |       |     2 |     7 |    10 |    10 ||    29
  Use: Scroll            |     2 |     4 |    15 |    16 |    25 |    20 ||    82
       Potion            |       |       |     2 |     9 |    10 |    16 ||    37
 Stab: Sleeping          |     1 |       |       |     5 |     7 |     3 ||    16
       Distracted        |       |     1 |     1 |     1 |     2 |     1 ||     6
       Held in net/web   |       |       |       |       |     2 |       ||     2
       Confused          |       |       |       |       |     1 |     1 ||     2
  Eat: Chunk             |     1 |     9 |    29 |    39 |   100 |    75 ||   253
       Bread ration      |     1 |       |       |     4 |     2 |     7 ||    14
       Pizza             |       |     1 |       |     4 |     1 |     1 ||     7
       Beef jerky        |       |       |     1 |     1 |     2 |       ||     4
       Fruit             |       |       |       |     3 |    19 |       ||    22
       Meat ration       |       |       |       |       |     3 |     2 ||     5
       Royal jelly       |       |       |       |       |     2 |     4 ||     6
